 Dungeon Crawl Stone Soup version 0.27.1 (webtiles) character file.

Game seed: 16866375954816090342

189 a11behringer the Chopper (level 5, 0/43 HPs)
             Began as a Palentonga Fighter on Aug 22, 2021.
             Was an Initiate of Okawaru.
             Slain by a kobold brigand (3 damage)
             ... in a sewer.
             The game lasted 00:14:28 (1954 turns).

a11behringer the Chopper (Palentonga Fighter)       Turns: 1954, Time: 00:14:28

Health: 0/43       AC:  6    Str: 20    XL:     5   Next: 40%
Magic:  5/5        EV:  5    Int: 14    God:    Okawaru [......]
Gold:   13         SH:  9    Dex: 10    Spells: 4/4 levels left

rFire    . . .     SeeInvis +   g - +0 war axe (elec)
rCold    . . .     Faith    .   c - +0 kite shield
rNeg     + . .     Spirit   .   b - +0 scale mail
rPois    .         Reflect  .   (no helmet)
rElec    .         Harm     .   (no cloak)
rCorr    .         Rampage  .   (no gloves)
Will     .....                  (no barding)
Stlth    ..........             (no amulet)
HPRegen  0.14/turn              f - ring of positive energy
MPRegen  0.09/turn              h - +6 ring of intelligence

@: mighty
A: large, rugged brown scales 3, see invisible, deformed body, roll 1, armoured
tail
a: Rolling Charge, Renounce Religion


You were in a sewer.
You worshipped Okawaru.
Okawaru was noncommittal.
You visited 1 branch of the dungeon, and saw 3 of its levels.
You also visited: Sewer.

You collected 13 gold pieces.

Inventory:

Hand Weapons
 a - a +0 war axe
 g - a +0 war axe of electrocution (weapon)
 l - a +0 hunting sling
 r - a +0 hand crossbow
Missiles
 n - 107 bolts
Armour
 b - a +0 scale mail (worn)
 c - a +0 kite shield (worn)
Jewellery
 f - a ring of positive energy (left hand)
 h - a +6 ring of intelligence (right hand)
Scrolls
 e - 3 scrolls of identify {unknown}
 j - a scroll of fear {unknown}
 k - a scroll of amnesia {unknown}
 m - a scroll of noise {unknown}
 p - a scroll of teleportation {unknown}
 q - a scroll of magic mapping {unknown}
Potions
 i - a potion of resistance {unknown}
 o - a potion of heal wounds {unknown}


   Skills:
 - Level 3.1 Fighting
 * Level 4.3 Axes
 + Level 3.0 Armour
 + Level 0.6 Dodging
 + Level 3.2 Shields


You had 4 spell levels left.
You didn't know any spells.
Your spell library contained the following spells:

 Spells                   Type           Power      Damage    Failure   Level
 Ensorcelled Hibernation  Hex/Ice        0%         N/A       99%         2
 Gell's Gravitas          Tloc           0%         N/A       100%        3
 Lesser Beckoning         Tloc           0%         N/A       100%        3
 Spider Form              Tmut/Pois      0%         N/A       100%        3
 Teleport Other           Tloc           0%         N/A       100%        3
 Shadow Creatures         Summ           N/A        N/A       100%        6


Dungeon Overview and Level Annotations

Branches:
Dungeon (3/15)              Sewer (1/1)

Altars:
Kikubaaqudgha
Okawaru
Sif Muna


Innate Abilities, Weirdness & Mutations

You are completely covered in rugged brown scales. (AC +3, +7% HP)
You have supernaturally acute eyesight. (SInv)
Armour fits poorly on your strangely shaped body.
You can roll at nearby foes to attack.
You have a long armoured tail.


Message History

You feel sick.
A kobold brigand is nearby!
You feel sick.
You are no longer poisoned.
The kobold brigand throws a poisoned dart.
The poisoned dart hits you!
You are poisoned.
You feel sick.
The kobold brigand hits you with a +0 dagger.
You hit the kobold brigand.
Your tail-slap misses the kobold brigand.
The kobold brigand is lightly wounded.
You feel sick. The kobold brigand closely misses you.
You barely miss the kobold brigand.
The kobold brigand is lightly wounded.
You feel sick.
The kobold brigand hits you with a +0 dagger.
* * * LOW HITPOINT WARNING * * *
You block the kobold brigand's attack.
You hit the kobold brigand.
Your tail-slap misses the kobold brigand.
The kobold brigand is lightly wounded.
You feel sick. You block the kobold brigand's attack.
You closely miss the kobold brigand.
The kobold brigand is lightly wounded.
You feel sick.
You are no longer poisoned.
You block the kobold brigand's attack. x2
You closely miss the kobold brigand.
The kobold brigand is lightly wounded.
The kobold brigand barely misses you.
Okay, then.
You feel very mighty all of a sudden.
The kobold brigand hits you with a +0 dagger.
* * * LOW HITPOINT WARNING * * *
You closely miss the kobold brigand. You tail-slap the kobold brigand.
The kobold brigand is moderately wounded.
The kobold brigand barely misses you.
The kobold brigand hits you with a +0 dagger.
You die...

#≈..∩.# .≈. ##..≈## #≈#
##≈## #≈# #≈# #≈# #≈#
##≈## ##≈## ##...##
##.).##
.!.#####≈.≈..#####....≈#
.≈!≈.KK@≈....≈≈≈≈≈≈≈...#
...#####....≈#####..≈..#
##..≈## ##..≈## #####
#####


You could see a kobold brigand and a kobold.

Vanquished Creatures
  2 vampire bats (D:3)
  5 adders
  2 worms
  2 dart slugs (D:1)
  3 bat skeletons (D:3)
  2 bat zombies (D:3)
  An endoplasm (Sewer)
  8 goblins
  8 hobgoblins
  2 jackals (D:2)
  2 quokkas (D:2)
  3 ball pythons
  3 bats (D:2)
  5 kobolds
  8 rats
56 creatures vanquished.

Notes
Turn   | Place    | Note
-------+----------+-------------------------------------------
     0 | D:1      | a11behringer the Palentonga Fighter began the quest for the
                  | Orb.
     0 | D:1      | Reached XP level 1. HP: 19/19 MP: 1/1
   145 | D:1      | Reached XP level 2. HP: 13/25 MP: 2/2
   588 | D:1      | Found a faded altar of an unknown god.
   597 | D:1      | Became a worshipper of Sif Muna the Loreminder
   597 | D:1      | Reached * piety under Sif Muna
   601 | D:1      | Fell from the grace of Sif Muna
   878 | D:2      | Reached XP level 3. HP: 31/31 MP: 3/3
   977 | D:2      | Found an iron altar of Okawaru.
  1034 | D:2      | Became a worshipper of Warmaster Okawaru
  1142 | D:2      | Reached skill level 3 in Axes
  1498 | D:2      | Reached XP level 4. HP: 28/37 MP: 4/4
  1822 | D:3      | Found an ancient bone altar of Kikubaaqudgha.
  1838 | D:3      | Reached skill level 4 in Axes
  1838 | D:3      | Reached XP level 5. HP: 29/43 MP: 5/5
  1892 | D:3      | Found a glowing drain.
  1904 | Sewer    | Entered a sewer
  1954 | Sewer    | Slain by a kobold brigand

Illustrated notes

Levels and vault maps discovered:
D:1:      dpeg_arrival_radiant, layout_basic, shapermc_ecumenical_altar_pompeii,
          minmay_door_square, minmay_pentomino_z4
D:2:      layout_loops_ring, basic_altar
D:3:      layout_loops_cross, kennysheep_vampire_church, portal_sewer_entry_d
Sewer:    sewer_co_15_rooms

Skill      XL: |  1  2  3  4  5 |
---------------+----------------+-----
Shields        | 3 |  3.2
Axes           | 3 4 |  4.3
Armour         | 3 |  3.0
Fighting       | |  3.1
Dodging        | |  0.6

Action                   |  1- 3 |  4- 6 || total
-------------------------+-------+-------++-------
Melee: War axe           |   118 |    43 ||   161
       Tailslap          |    11 |     2 ||    13
Invok: Renounce Religion |     1 |       ||     1
 Abil: Rolling Charge    |    12 |     2 ||    14
  Use: Potion            |       |     1 ||     1
Armor: Scale mail        |    60 |    22 ||    82
Dodge: Dodged            |    21 |    15 ||    36
Block: Kite shield       |    63 |    32 ||    95
